 Dungeon Crawl Stone Soup version 0.31-a0-237-g2d982f9f85 (webtiles) character file.

Game seed: 2669998578710108301

326 qw the Shooter (level 6, -10/52 HPs)
             Began as a Minotaur Hexslinger on July 11, 2023.
             Mangled by a centaur (14 damage)
             ... on level 5 of the Dungeon.
             The game lasted 00:01:12 (3299 turns).

qw the Shooter (Minotaur Hexslinger)                Turns: 3299, Time: 00:01:12

Health: -10/52     AC:  5    Str: 10    XL:     6   Next: 24%
Magic:  6/6        EV:  2    Int: 10    God:
Gold:   95         SH:  0    Dex: 15    Spells: 6/7 levels left

rFire   + + .        Y - +1 sling
rCold   + + .        (no shield)
rNeg    . . .        l - +0 ring mail
rPois   +            (helmet restricted)
rElec   .            (no cloak)
rCorr   .            (no gloves)
SInv    .            (no boots)
Will    .....        b - amulet of the acrobat
Stlth   ++           h - ring of protection from cold
HPRegen 0.28/turn    g - ring "Untym" {rPois rF++ rC+ Str-2 Stlth+}
MPRegen 0.10/turn

%: acrobat
@: sleeping
A: horns 2, retaliatory headbutt
a: no special abilities


You were on level 5 of the Dungeon.
You visited 1 branch of the dungeon, and saw 5 of its levels.

You collected 221 gold pieces.
You spent 126 gold pieces at shops.


Innate Abilities, Weirdness & Mutations

You have a pair of horns on your head.
You reflexively headbutt those who attack you in melee.


   Skills:
 - Level 4.1 Fighting
 + Level 6.1 Ranged Weapons
 - Level 1.2 Armour
 - Level 2.1 Dodging
 - Level 1.0 Spellcasting
 - Level 2.0 Hexes


You had 6 spell levels left.
You knew the following spells:

 Your Spells              Type           Power      Damage    Failure   Level
a - Slow                  Hex            16%        N/A       36%         1

Your spell library contained the following spells:

 Spells                   Type           Power      Damage    Failure   Level
 Inner Flame              Hex/Fire       2%         N/A       86%         3
 Portal Projectile        Hex/Tloc       4%         N/A       86%         3
 Cause Fear               Hex            2%         N/A       98%         4

Inventory:

Hand Weapons
 Y - a +1 sling (weapon)
Armour
 l - a +0 ring mail (worn)
Jewellery
 b - an amulet of the acrobat (around neck)
 g - the ring "Untym" (right hand) {rPois rF++ rC+ Str-2 Stlth+}
   (You bought it in a shop on level 4 of the Dungeon)

   [ring of poison resistance]

   Str:       It affects your strength (-2).
   rF:        It greatly protects you from fire.
   rC:        It protects you from cold.
   rPois:     It protects you from poison.
   Stlth:     It makes you more stealthy.
 h - a ring of protection from cold (left hand)
Scrolls
 d - a scroll of identify
Potions
 a - a potion of haste
 e - a potion of enlightenment
 f - a potion of curing

Dungeon Overview and Level Annotations

Branches:
Dungeon (5/15)
 Temple: D:4-7

Altars:
Dithmenos
Ru
Trog
Xom

Shops:
D:4 *


Message History

Enter note:
Enter note:
There is a stone staircase leading down here.
You now have 95 gold pieces (gained 16).
A centaur comes into view.
Enter note:
Enter note:
Enter note: You shoot a sling bullet.
The sling bullet hits the centaur but does no damage.
The centaur shouts!
The centaur wields a +0 orcbow.
The centaur shoots an arrow.
The arrow hits you!
You shoot a sling bullet. The sling bullet hits the centaur.
The centaur is lightly wounded.
The centaur shoots an arrow.
The arrow hits you.
You shoot a sling bullet. The sling bullet hits the centaur.
The centaur is heavily wounded.
The centaur shoots an arrow.
The arrow hits you!
A sleepcap comes into view.
You shoot a sling bullet. The sling bullet hits the centaur.
The centaur is heavily wounded.
The centaur shoots an arrow.
The arrow barely misses you.
The centaur shoots an arrow.
The arrow hits you!
You shoot a sling bullet. The sling bullet hits the centaur.
The centaur is severely wounded.
The centaur shoots an arrow.
The arrow hits you.
You shoot a sling bullet. The sling bullet hits the centaur.
The centaur is almost dead.
The centaur shoots an arrow.
The arrow hits you!
The centaur shoots an arrow.
The arrow hits you.
You shoot a sling bullet.
The sling bullet hits the sleepcap but does no damage.
The centaur shoots an arrow.
The arrow barely misses you.
You shoot a sling bullet.
The sling bullet hits the sleepcap but does no damage.
The sleepcap releases spores at you.
You are engulfed in a cloud of soporific spores!
You fall asleep.
The centaur unwields a +0 orcbow.
The centaur hits you!
You die...

..................
#...................
#..#.#..............
#..#.#.............. .
..#.#.............. ...
#.#.#..............
....##.#................
.........#########.%....
......f@.+ +......
##...$c..# #.....)
#......... #.....#
#[.!....### #####.#
#........ #.# #........#
#####.# ######+#.#
#.....# .# #.##### #.#


You could see a sleepcap and a centaur.

Vanquished Creatures
  A hound (D:5)
  A jelly (D:4)
  2 orc priests (D:3)
  2 iguanas
  An orc wizard (D:3)
  6 adders
  A dart slug (D:3)
  12 orcs
  3 endoplasms
  2 giant cockroaches
  4 goblins
  5 hobgoblins
  4 quokkas
  7 ball pythons
  3 bats
  2 frilled lizards
  8 kobolds
  7 rats
71 creatures vanquished.

Notes
Turn   | Place    | Note
-------+----------+-------------------------------------------
     0 | D:1      | qw the Minotaur Hexslinger began the quest for the Orb.
     0 | D:1      | Reached XP level 1. HP: 16/16 MP: 1/1
     0 | D:1      | 0 ||| qw: Version: 0.3-a-52-g30416fa
     0 | D:1      | 0 ||| qw: Game counter: 5701
     0 | D:1      | 0 ||| qw: Melee chars always use a shield: true
     0 | D:1      | 0 ||| qw: God list: Okawaru
     0 | D:1      | 0 ||| qw: Allow faded altars: false
     0 | D:1      | 0 ||| qw: Do Orc after clearing Dungeon:15 true
     0 | D:1      | 0 ||| qw: Do second Lair branch before Depths: true
     0 | D:1      | 0 ||| qw: Lair rune preference: random
     0 | D:1      | 0 ||| qw: Goals: Normal
     0 | D:1      | 0 ||| PLANNING D:1-11
   142 | D:1      | Reached skill level 3 in Ranged Weapons
   171 | D:1      | Reached XP level 2. HP: 23/23 MP: 2/2
   202 | D:1      | Found a faded altar of an unknown god.
   467 | D:1      | 467 ||| UPGRADING to +0 leather armour.
   477 | D:1      | 477 ||| DROPPING +0 robe.
   478 | D:1      | 478 ||| UPGRADING to +0 ring mail.
   488 | D:1      | 488 ||| DROPPING +0 leather armour.
   489 | D:1      | 489 ||| UPGRADING to ring of protection from cold.
   490 | D:1      | 490 ||| READING scroll labelled SATA TAM RED.
   491 | D:1      | 491 ||| READING scroll labelled BEQICHEPLIOKO.
   492 | D:1      | 492 ||| DRINKING 2 glowing blue potions.
   493 | D:1      | 493 ||| DROPPING scroll of poison.
   658 | D:2      | Reached XP level 3. HP: 29/29 MP: 3/3
  1044 | D:2      | 1044 ||| UPGRADING to amulet of the acrobat.
  1049 | D:2      | 1049 ||| READING scroll labelled PAYFOPEOGI.
  1050 | D:2      | 1050 ||| READING scroll labelled JUGERO CEHEDO.
  1051 | D:2      | 1051 ||| READING scroll labelled IWOIDW WEUWIT.
  1055 | D:2      | 1055 ||| DRINKING 2 fuming cyan potions.
  1056 | D:2      | 1056 ||| DRINKING 3 sedimented clear potions.
  1091 | D:2      | 1091 ||| DROPPING 2 potions of lignification.
  1132 | D:3      | Reached skill level 4 in Ranged Weapons
  1224 | D:3      | HP: 7/29 [poisoned by an adder]
  1225 | D:3      | Reached skill level 1 in Armour
  1225 | D:3      | 1225 ||| DRINKING 2 potions of curing.
  1225 | D:3      | 1225 ||| (to cure poison)
  1380 | D:3      | 1380 ||| Stepping ~*~*~tactically~*~*~ (outnumbered).
  1381 | D:3      | 1381 ||| Stepping ~*~*~tactically~*~*~ (outnumbered).
  1389 | D:3      | Reached XP level 4. HP: 35/36 MP: 4/4
  1403 | D:3      | HP: 4/36 [something/magic dart (6)]
  1471 | D:3      | 1471 ||| FLEEEEING.
  1472 | D:3      | 1472 ||| FLEEEEING.
  1473 | D:3      | 1473 ||| FLEEEEING.
  1474 | D:3      | 1474 ||| STAIRDANCE
  1713 | D:3      | Found a bloodstained altar of Trog.
  1713 | D:3      | Found a shimmering altar of Xom.
  1815 | D:3      | Reached skill level 5 in Ranged Weapons
  2228 | D:4      | 2228 ||| STAIRDANCE
  2231 | D:4      | 2231 ||| STAIRDANCE
  2270 | D:4      | 2270 ||| FLEEEEING.
  2271 | D:4      | 2271 ||| FLEEEEING.
  2272 | D:4      | 2272 ||| FLEEEEING.
  2273 | D:4      | 2273 ||| FLEEEEING.
  2274 | D:4      | 2274 ||| FLEEEEING.
  2275 | D:4      | 2275 ||| FLEEEEING.
  2276 | D:4      | 2276 ||| FLEEEEING.
  2277 | D:4      | 2277 ||| FLEEEEING.
  2278 | D:4      | 2278 ||| FLEEEEING.
  2279 | D:4      | 2279 ||| STAIRDANCE
  2359 | D:4      | 2359 ||| STAIRDANCE
  2368 | D:3      | Reached skill level 3 in Fighting
  2368 | D:3      | Reached XP level 5. HP: 40/45 MP: 5/5
  2387 | D:4      | 2387 ||| STAIRDANCE
  2427 | D:4      | 2427 ||| STAIRDANCE
  2481 | D:4      | Found a shadowy altar of Dithmenos.
  2680 | D:4      | Reached skill level 6 in Ranged Weapons
  2793 | D:4      | Found Maiheh's Assorted Antiques.
  2801 | D:4      | Reached XP level 6. HP: 47/51 MP: 6/6
  2821 | D:4      | 2821 ||| BUYING scintillating bronze ring (90 gold).
  2821 | D:4      | Bought a scintillating bronze ring for 90 gold pieces
  2821 | D:4      | Identified the ring "Untym" {rPois rF++ rC+ Str-2 Stlth+}
                  | (You bought it in a shop on level 4 of the Dungeon)
  2821 | D:4      | 2821 ||| BUYING scroll of identify (36 gold).
  2821 | D:4      | Bought a scroll of identify for 36 gold pieces
  2950 | D:4      | Found a sacrificial altar of Ru.
  3002 | D:4      | 3002 ||| UPGRADING to ring "Untym" {rPois rF++ rC+ Str-2
                  | Stlth+}.
  3003 | D:4      | 3003 ||| DRINKING 2 coppery potions.
  3004 | D:4      | 3004 ||| READING 3 scrolls of identify.
  3004 | D:4      | 3004 ||| IDENTIFYING bubbling yellow potion
  3005 | D:4      | 3005 ||| READING 2 scrolls of identify.
  3005 | D:4      | 3005 ||| IDENTIFYING brown potion
  3006 | D:4      | 3006 ||| DROPPING potion of brilliance.
  3024 | D:5      | Entered Level 5 of the Dungeon
  3119 | D:5      | HP: 10/52 [iguana (6)]
  3120 | D:5      | 3120 ||| DRINKING potion of heal wounds.
  3296 | D:5      | HP: 12/52 [centaur/arrow (7)]
  3298 | D:5      | HP: 4/52 [sleepcap (3)]
  3299 | D:5      | Mangled by a centaur

Levels and vault maps discovered:
D:1:      psy_arrival_fountain, layout_rooms,
          shapermc_ecumenical_altar_acropolis, minmay_tetromino_s2
D:2:      layout_loops_ring
D:3:      layout_loops_ring, nicolae_overflow_two_pavilions
D:4:      layout_rooms, grunt_dithmenos_smoke_and_mirrors,
          nicolae_ru_the_path_less_chosen, serial_shops,
          nicolae_shop_competitors_out_of_business, minivault_14
D:5:      layout_basic, ebering_ghost_disaster_area,
          hangedman_abyss_or_decor_stagger

Skill      XL: |  1  2  3  4  5  6 |
---------------+-------------------+-----
Ranged Weapons | 3 4 5 6 |  6.1
Fighting       | 2 3 4 |  4.1
Armour         | 1 |  1.2
Dodging        | |  2.1
Spellcasting   | |  1.0
Hexes          | |  2.0

Action                     |  1- 3 |  4- 6 || total
---------------------------+-------+-------++-------
   Fire: Sling             |   111 |   144 ||   255
    Use: Scroll            |     5 |     2 ||     7
         Potion            |     4 |     2 ||     6
 Armour: Robe              |     3 |       ||     3
         Ring mail         |    13 |    27 ||    40
  Dodge: Dodged            |    34 |    55 ||    89

Table legend:
 A = Non-vault XP
 B = Vault XP
 C = Vault XP percentage of total XP
 D = Non-vault monster count
 E = Vault monster count
 F = Vault count percentage of total count
                 A         B        C        D         E       F
            +---------+---------+-------+---------+---------+-------
      Total |     463 |       3 |   0.6 |      69 |       2 |   2.8
            +---------+---------+-------+---------+---------+-------
        D:1 |      16 |       3 |  15.8 |      11 |       2 |  15.4
        D:2 |      33 |       0 |   0.0 |      13 |       0 |   0.0
        D:3 |     194 |       0 |   0.0 |      27 |       0 |   0.0
        D:4 |     137 |       0 |   0.0 |      14 |       0 |   0.0
        D:5 |      83 |       0 |   0.0 |       4 |       0 |   0.0
            +---------+---------+-------+---------+---------+-------
